HSSL
OTSEGO HS BULLDOGS @ MOUNTAIN POINTE HS
05/10/2026
 
TOP OF THE 1ST
Otsego HS Bulldogs batting - Pitching for Mountain Pointe HS : RHP Mike Barnett
Pitching: RHP Mike Barnett
Batting: RHB Tommy Miller 0-0: Ball
1-0: Called Strike
1-1: Ball
2-1: Ball
3-1: Base on Balls
Batting: RHB Jody Stewart 0-0: Called Strike
0-1: Ball
1-1: Ball
2-1: Ball
3-1: 2-RUN HOME RUN (Flyball, 7D), Distance : 404 ft
Batting: RHB Dave Marshall 0-0: Called Strike
0-1: SINGLE (Groundball, 56)
Batting: LHB Bill Poe 0-0: Called Strike
0-1: Ball
1-1: Ball
2-1: Foul Ball, location: 2F
2-2: Ball
3-2: Base on Balls
Dave Marshall to second
Batting: SHB Dave Hickman 0-0: Called Strike
0-1: Fly out, F9 (Flyball, 9M)
Batting: LHB Dave Wilkinson 0-0: Swinging Strike
0-1: Ball
1-1: Ball
Wild Pitch!
Dave Marshall to third
Bill Poe to second
2-1: Foul Ball, location: 2F
2-2: Foul Ball, location: 2F
2-2: Ball
3-2: Strikes out looking
Batting: RHB Michael Carr 0-0: Ball
1-0: Foul Ball, location: 2F
1-1: Ball
2-1: Foul Ball, location: 2F
2-2: Strikes out swinging
Top of the 1st over - 2 run(s), 2 hit(s), 0 error(s), 2 left on base; Otsego HS 2 - Mountain Pointe HS 0
BOTTOM OF THE 1ST
Mountain Pointe HS batting - Pitching for Otsego HS Bulldogs : RHP Mike Spencer
Pitching: RHP Mike Spencer
Batting: RHB Charlie Pérez 0-0: Called Strike
0-1: Ground out 5-3 (Groundball, 5)
Batting: LHB Rob Johnson 0-0: Ball
1-0: Ball
2-0: Foul Ball, location: 2F
2-1: Fly out, F3 (Popup, 3F)
Batting: RHB Ben Wilson 0-0: Ball
1-0: SINGLE (Flyball, 8LM)
Batting: RHB Marshall Gross 0-0: Ground out 6-3 (Groundball, 6)
Bottom of the 1st over - 0 run(s), 1 hit(s), 0 error(s), 1 left on base; Otsego HS 2 - Mountain Pointe HS 0
TOP OF THE 2ND
Otsego HS Bulldogs batting - Pitching for Mountain Pointe HS : RHP Mike Barnett
Batting: LHB José Serrano 0-0: Called Strike
0-1: Foul Ball, location: 2F
0-2: Fly out, F5 (Line Drive, 5S)
Batting: RHB Tim Anderson 0-0: Called Strike
Error on foul ball, E9
0-2: Ball
1-2: Foul Ball, location: 2F
1-2: Ground out 5-3 (Groundball, 56)
Batting: RHB Tommy Miller 0-0: Ball
1-0: Ball
2-0: Fly out, F7 (Line Drive, 7M)
Top of the 2nd over - 0 run(s), 0 hit(s), 1 error(s), 0 left on base; Otsego HS 2 - Mountain Pointe HS 0
BOTTOM OF THE 2ND
Mountain Pointe HS batting - Pitching for Otsego HS Bulldogs : RHP Mike Spencer
Batting: RHB Harry Edwards 0-0: Ball
1-0: Fly out, F9 (Flyball, 9S)
Batting: RHB Troy Legge 0-0: Called Strike
0-1: Ball
1-1: Foul Ball, location: 2F
1-2: Foul Ball, location: 2F
1-2: Strikes out looking
Batting: LHB Johnny Beach 0-0: Ball
1-0: Foul Ball, location: 2F
1-1: Ball
2-1: Called Strike
2-2: Strikes out swinging
Bottom of the 2nd over - 0 run(s), 0 hit(s), 0 error(s), 0 left on base; Otsego HS 2 - Mountain Pointe HS 0
TOP OF THE 3RD
Otsego HS Bulldogs batting - Pitching for Mountain Pointe HS : RHP Mike Barnett
Batting: RHB Jody Stewart 0-0: Foul Ball, location: 2F
0-1: Ball
1-1: Foul Ball, location: 2F
1-2: Ball
2-2: Ball
3-2: Foul Ball, location: 2F
3-2: Foul Ball, location: 2F
3-2: Base on Balls
Batting: RHB Dave Marshall 0-0: Ball
1-0: Ball
2-0: Swinging Strike
2-1: Ball
3-1: Base on Balls
Jody Stewart to second
Batting: LHB Bill Poe 0-0: Ball
1-0: Reached on error, E5 (Groundball, 56)
Jody Stewart to third
Dave Marshall to second
Batting: SHB Dave Hickman 0-0: Ball
1-0: Ball
2-0: Called Strike
2-1: Ball
3-1: Swinging Strike
3-2: Strikes out swinging
Batting: LHB Dave Wilkinson 0-0: Swinging Strike
0-1: Foul Ball, location: 2F
0-2: Ball
1-2: Ball
2-2: Ball
3-2: Fly out, F7 (Popup, 56D)
Batting: RHB Michael Carr 0-0: Called Strike
0-1: Called Strike
0-2: DOUBLE (Line Drive, 9LM)
Jody Stewart scores
Dave Marshall scores
Bill Poe to third
Runner from 3rd tries for Home, SAFE, no throw or cutoff
Batting: LHB José Serrano 0-0: Ball
1-0: Ball
2-0: Foul Ball, location: 2F
2-1: Ball
3-1: Base on Balls
Batting: RHB Tim Anderson 0-0: SINGLE (Groundball, 4M)
Michael Carr to third
José Serrano to second
Runner from 3rd tries for Home, SAFE, no throw or cutoff
Batting: RHB Tommy Miller 0-0: Called Strike
0-1: Ball
1-1: Fly out, F3 (Line Drive, 3)
Top of the 3rd over - 4 run(s), 2 hit(s), 1 error(s), 2 left on base; Otsego HS 6 - Mountain Pointe HS 0
BOTTOM OF THE 3RD
Mountain Pointe HS batting - Pitching for Otsego HS Bulldogs : RHP Mike Spencer
Batting: SHB Paul Campbell 0-0: Called Strike
0-1: Ball
1-1: Ball
2-1: Ball
3-1: Bunted foul
3-2: Reached on error, E3 (Groundball, 3S)
Batting: RHB Richard Bass 0-0: Ball
1-0: Ball
2-0: Swinging Strike
2-1: Ball
3-1: Base on Balls
Paul Campbell to second
Batting: RHB Charlie Pérez 0-0: Reached on error, E6 (Groundball, 6)
Paul Campbell to third
Richard Bass to second
Batting: LHB Rob Johnson 0-0: Called Strike
0-1: Ball
1-1: Called Strike
1-2: Ball
2-2: Ball
3-2: Foul Ball, location: 2F
3-2: Foul Ball, location: 2F
3-2: Foul Ball, location: 2F
3-2: Base on Balls
Paul Campbell scores
Richard Bass to third
Charlie Pérez to second
Batting: RHB Ben Wilson 0-0: Ball
1-0: Fly out, F9 (Flyball, 89S)
Batting: RHB Marshall Gross 0-0: Called Strike
0-1: Ball
1-1: Fielders Choice at 2nd, 4-6 (Groundball, 4)
Richard Bass scores
Charlie Pérez to third
Batting: RHB Harry Edwards 0-0: SINGLE (Groundball, 34)
Charlie Pérez scores
Marshall Gross to second
Throwing error, E9
Marshall Gross scores
Harry Edwards to second
Batting: RHB Troy Legge 0-0: Called Strike
0-1: Foul Ball, location: 2F
0-2: Ball
1-2: Ball
2-2: Ball
3-2: Strikes out swinging
Bottom of the 3rd over - 4 run(s), 1 hit(s), 3 error(s), 1 left on base; Otsego HS 6 - Mountain Pointe HS 4
TOP OF THE 4TH
Otsego HS Bulldogs batting - Pitching for Mountain Pointe HS : RHP Mike Barnett
Pitching: RHP Tim Pope
Batting: RHB Jody Stewart 0-0: Ball
1-0: Ball
2-0: Ball
3-0: Base on Balls
Batting: RHB Dave Marshall 0-0: Ball
1-0: Ball
2-0: SINGLE (Line Drive, 56D)
Jody Stewart to second
Batting: LHB Bill Poe 0-0: Ball
1-0: Ball
2-0: Fly out, F7 (Flyball, 78M)
Batting: SHB Dave Hickman 0-0: Ball
Wild Pitch!
Jody Stewart to third
Dave Marshall to second
1-0: 3-RUN HOME RUN (Line Drive, 9D), Distance : 396 ft
Batting: LHB Dave Wilkinson 0-0: Foul Ball, location: 2F
0-1: Ground out 3-1 (Groundball, 34S)
Batting: RHB Michael Carr 0-0: Ball
1-0: Foul Ball, location: 2F
1-1: Ball
2-1: Ball
3-1: Swinging Strike
3-2: Strikes out swinging
Top of the 4th over - 3 run(s), 2 hit(s), 0 error(s), 0 left on base; Otsego HS 9 - Mountain Pointe HS 4
BOTTOM OF THE 4TH
Mountain Pointe HS batting - Pitching for Otsego HS Bulldogs : RHP Mike Spencer
Batting: LHB Johnny Beach 0-0: Called Strike
0-1: Ball
1-1: Foul Ball, location: 2F
1-2: Ball
2-2: Foul Ball, location: 2F
2-2: Strikes out looking
Batting: SHB Paul Campbell 0-0: Ball
1-0: Called Strike
1-1: SINGLE (Groundball, 34D)
Batting: RHB Richard Bass 0-0: Ball
1-0: Foul Ball, location: 2F
1-1: Swinging Strike
1-2: Strikes out swinging
Batting: RHB Charlie Pérez 0-0: Ball
1-0: SINGLE (Groundball, 4)
Paul Campbell to second
Runner from 2nd tries for 3rd, SAFE, throw made to third
Batting: LHB Rob Johnson 0-0: Ball
1-0: Called Strike
1-1: Ball
2-1: Ball
3-1: Fielders Choice at 2nd, U6 (Groundball, 6M)
Bottom of the 4th over - 0 run(s), 2 hit(s), 0 error(s), 2 left on base; Otsego HS 9 - Mountain Pointe HS 4
TOP OF THE 5TH
Otsego HS Bulldogs batting - Pitching for Mountain Pointe HS : RHP Tim Pope
Batting: LHB José Serrano 0-0: Ball
1-0: Foul Ball, location: 2F
1-1: Ball
2-1: Foul Ball, location: 2F
2-2: Ground out 1-3 (Groundball, 13S)
Batting: RHB Tim Anderson 0-0: Foul Ball, location: 2F
0-1: Foul Ball, location: 2F
0-2: SINGLE (Line Drive, 89M)
Batting: RHB Tommy Miller 0-0: Ball
1-0: Called Strike
1-1: Ball
2-1: Foul Ball, location: 2F
2-2: Foul Ball, location: 2F
2-2: Ball
3-2: Foul Ball, location: 2F
3-2: Base on Balls
Tim Anderson to second
Batting: RHB Jody Stewart 0-0: SINGLE (Groundball, 34D)
Tim Anderson to third
Tommy Miller to second
Batting: RHB Dave Marshall 0-0: Foul Ball, location: 2F
0-1: Ball
1-1: Ball
2-1: SINGLE (Flyball, 6MD)
Tim Anderson scores
Tommy Miller to third
Jody Stewart to second
Batting: LHB Bill Poe 0-0: Grounds into double play, 6-4-3 (Groundball, 6)
Top of the 5th over - 1 run(s), 3 hit(s), 0 error(s), 2 left on base; Otsego HS 10 - Mountain Pointe HS 4
BOTTOM OF THE 5TH
Mountain Pointe HS batting - Pitching for Otsego HS Bulldogs : RHP Mike Spencer
Batting: RHB Ben Wilson 0-0: Ball
1-0: Ground out 4-3 (Groundball, 4)
Batting: RHB Marshall Gross 0-0: Ball
1-0: Called Strike
1-1: Ball
2-1: Ball
3-1: Swinging Strike
3-2: Foul Ball, location: 2F
3-2: Strikes out swinging
Batting: RHB Harry Edwards 0-0: Called Strike
0-1: Ball
1-1: Called Strike
1-2: Strikes out swinging
Bottom of the 5th over - 0 run(s), 0 hit(s), 0 error(s), 0 left on base; Otsego HS 10 - Mountain Pointe HS 4
TOP OF THE 6TH
Otsego HS Bulldogs batting - Pitching for Mountain Pointe HS : RHP Tim Pope
Pitching: RHP Ken Simms
Batting: SHB Dave Hickman 0-0: Ball
1-0: Ball
2-0: Called Strike
2-1: Swinging Strike
2-2: Foul Ball, location: 2F
2-2: Ball
3-2: Foul Ball, location: 2F
3-2: Base on Balls
Batting: LHB Dave Wilkinson 0-0: Called Strike
0-1: Ball
1-1: Ball
2-1: Foul Ball, location: 2F
2-2: Foul Ball, location: 2F
2-2: Ball
3-2: Foul Ball, location: 2F
3-2: Fly out, F9 (Flyball, 9M)
Batting: RHB Michael Carr 0-0: Ball
1-0: Ball
2-0: Ball
3-0: Base on Balls
Dave Hickman to second
Batting: LHB José Serrano 0-0: Called Strike
0-1: Fly out, F6 (Popup, 6MD)
Batting: RHB Tim Anderson 0-0: 3-RUN HOME RUN (Flyball, 9LD), Distance : 344 ft
Batting: RHB Tommy Miller 0-0: Ball
Single, Error in OF, E9, batter to second base
Batting: RHB Jody Stewart 0-0: Ball
1-0: Ball
2-0: Fly out, F7 (Flyball, 7M)
Top of the 6th over - 3 run(s), 2 hit(s), 1 error(s), 1 left on base; Otsego HS 13 - Mountain Pointe HS 4
BOTTOM OF THE 6TH
Mountain Pointe HS batting - Pitching for Otsego HS Bulldogs : RHP Mike Spencer
Pitching: RHP Tyler Jones
Batting: RHB Troy Legge 0-0: Foul Ball, location: 2F
0-1: Ball
1-1: Foul Ball, location: 2F
1-2: Ground out 6-3 (Groundball, 6M)
Batting: LHB Johnny Beach 0-0: Ball
1-0: Swinging Strike
1-1: Swinging Strike
1-2: Strikes out swinging
Batting: SHB Paul Campbell 0-0: Fly out, F8 (Flyball, 8LS)
Bottom of the 6th over - 0 run(s), 0 hit(s), 0 error(s), 0 left on base; Otsego HS 13 - Mountain Pointe HS 4
TOP OF THE 7TH
Otsego HS Bulldogs batting - Pitching for Mountain Pointe HS : RHP Ken Simms
Batting: RHB Dave Marshall 0-0: Fly out, F4 (Popup, 4M)
Batting: LHB Bill Poe 0-0: Ball
1-0: SINGLE (Line Drive, 8LS)
Batting: SHB Dave Hickman 0-0: Called Strike
0-1: Ground out 3-1 (Groundball, 34)
Bill Poe to second
Batting: LHB Dave Wilkinson 0-0: Ball
1-0: Ball
2-0: Ball
3-0: Base on Balls
Batting: RHB Michael Carr 0-0: Fly out, F5 (Line Drive, 56)
Top of the 7th over - 0 run(s), 1 hit(s), 0 error(s), 2 left on base; Otsego HS 13 - Mountain Pointe HS 4
BOTTOM OF THE 7TH
Mountain Pointe HS batting - Pitching for Otsego HS Bulldogs : RHP Tyler Jones
Batting: RHB Richard Bass 0-0: SINGLE (Line Drive, 78M)
Batting: RHB Charlie Pérez 0-0: Ball
1-0: Ball
2-0: Foul Ball, location: 2F
2-1: Ball
3-1: Called Strike
3-2: Strikes out swinging
Batting: LHB Rob Johnson 0-0: 2-RUN HOME RUN (Flyball, 9LD), Distance : 363 ft
Batting: RHB Ben Wilson 0-0: Fly out, F4 (Popup, 4D)
Batting: RHB Marshall Gross 0-0: Ball
1-0: Ball
2-0: SOLO HOME RUN (Flyball, 9D), Distance : 382 ft
Batting: RHB Harry Edwards 0-0: Called Strike
0-1: Ball
1-1: Called Strike
1-2: Ball
2-2: Ground out 1-3 (Groundball, 13)
Bottom of the 7th over - 3 run(s), 3 hit(s), 0 error(s), 0 left on base; Otsego HS 13 - Mountain Pointe HS 7
TOP OF THE 8TH
Otsego HS Bulldogs batting - Pitching for Mountain Pointe HS : RHP Ken Simms
Pitching: RHP Doug Roberts
Batting: LHB José Serrano 0-0: Ball
1-0: Ball
2-0: Ball
3-0: Called Strike
3-1: Swinging Strike
3-2: Foul Ball, location: 2F
3-2: Strikes out swinging
Batting: RHB Tim Anderson 0-0: Ball
1-0: Ground out 5-3 (Groundball, 56)
Batting: RHB Tommy Miller 0-0: Called Strike
0-1: Called Strike
0-2: Strikes out looking
Top of the 8th over - 0 run(s), 0 hit(s), 0 error(s), 0 left on base; Otsego HS 13 - Mountain Pointe HS 7
BOTTOM OF THE 8TH
Mountain Pointe HS batting - Pitching for Otsego HS Bulldogs : RHP Tyler Jones
Pitching: RHP Robinson Jiménez
Batting: RHB Troy Legge 0-0: Ball
1-0: Called Strike
1-1: Fly out, F8 (Flyball, 8RS)
Batting: LHB Johnny Beach 0-0: Foul Ball, location: 2F
0-1: Ground out 6-3 (Groundball, 4M)
Batting: SHB Paul Campbell 0-0: Fly out, F9 (Flyball, 8RM)
Bottom of the 8th over - 0 run(s), 0 hit(s), 0 error(s), 0 left on base; Otsego HS 13 - Mountain Pointe HS 7
TOP OF THE 9TH
Otsego HS Bulldogs batting - Pitching for Mountain Pointe HS : RHP Doug Roberts
Batting: RHB Jody Stewart 0-0: Ground out 6-3 (Groundball, 56)
Batting: RHB Dave Marshall 0-0: Ball
1-0: Called Strike
1-1: Swinging Strike
1-2: Strikes out swinging
Batting: LHB Bill Poe 0-0: Ball
1-0: Fly out, F6 (Popup, 5L)
Top of the 9th over - 0 run(s), 0 hit(s), 0 error(s), 0 left on base; Otsego HS 13 - Mountain Pointe HS 7
BOTTOM OF THE 9TH
Mountain Pointe HS batting - Pitching for Otsego HS Bulldogs : RHP Robinson Jiménez
Now in LF: Mike Tate
Batting: RHB Richard Bass 0-0: Called Strike
0-1: Ground out 1-3 (Groundball, 25)
Batting: RHB Charlie Pérez 0-0: Foul Ball, location: 2F
0-1: Ball
1-1: SINGLE (Line Drive, 89S)
Batting: LHB Rob Johnson 0-0: Swinging Strike
0-1: Ball
1-1: Ball
2-1: Swinging Strike
2-2: Foul Ball, location: 2F
2-2: Strikes out swinging
Batting: RHB Ben Wilson 0-0: Called Strike
0-1: Ball
1-1: Swinging Strike
1-2: DOUBLE (Line Drive, 9LS)
Charlie Pérez to third
Batting: RHB Marshall Gross 0-0: Ball
1-0: SINGLE (Flyball, 89S)
Charlie Pérez scores
Ben Wilson to third
Runner from 3rd tries for Home, SAFE, no throw or cutoff
Batting: RHB Harry Edwards 0-0: Called Strike
0-1: SINGLE (Line Drive, 34D)
Marshall Gross to second
Pitching: RHP Larry Simonds
Batting: RHB Troy Legge 0-0: Ground out 6-3 (Groundball, 6)
Bottom of the 9th over - 2 run(s), 4 hit(s), 0 error(s), 2 left on base; Otsego HS 13 - Mountain Pointe HS 9
Monday, December 5th, 2016 - OOTP Baseball 17.12 Build 75